Map: [ESL] Oceanborn

Players

Bunny - Winner!

  • Race: Terran Terran
  • Spawn Location: 5:00

SpeCial

  • Race: Terran Terran
  • League: Master
  • Spawn Location: 11:00

Event: IEM Katowice 2024

VOD

Have the link to the VOD?

Description

Time

  • Played on: Dec. 10, 2023, 6:43 p.m.
  • Length: 12:36

All games in this series

Show
View Real Time Build Order
Export as new Build Order

Bunny Terran - Winner!

Build Orders: Cyclone Opening 

Get SALT Encoding   

  12  0:00  SCV  
  13  0:12  SCV  
  14  0:17  Supply Depot  
  14  0:25  SCV  
  15  0:39  SCV  
  15  0:40  Barracks  
  16  0:42  Refinery  
  16  0:51  SCV  
  16  0:52  Refinery  
  17  1:03  SCV  
  18  1:15  SCV  
  19  1:27  Orbital Command, Reaper  
  19  1:32  Supply Depot  
  20  1:42  Factory  
  20  1:53  SCV  
  21  1:59  Barracks Reactor  
  21  2:05  SCV  
  22  2:17  SCV  
  22  2:22  Command Center  
  23  2:29  SCV  
  24  2:39  Cyclone  
  24  2:40  Cyclone  
  24  2:42  SCV  
  29  2:45  Supply Depot  
  29  2:54  SCV  
  29  2:57  Starport  
  30  3:06  SCV  
  30  3:12  Cyclone  
  32  3:18  SCV  
  32  3:19  Cyclone  
  35  3:30  SCV  
  35  3:33  Orbital Command  
  36  3:36  Refinery  
  36  3:37  Starport Tech Lab  
  36  3:42  SCV  
  37  3:54  SCV  
  38  3:56  Raven  
  38  3:59  SCV  
  41  4:03  Factory Tech Lab  
  41  4:06  SCV  
  41  4:11  SCV  
  41  4:12  Command Center  
  41  4:16  Marine  
  43  4:17  Marine  
  43  4:18  SCV  
  43  4:23  Siege Tank  
  48  4:24  Interference Matrix  
  48  4:26  SCV  
  48  4:30  SCV  
  50  4:32  Supply Depot  
  52  4:38  Raven  
  52  4:41  SCV  
  52  4:43  SCV  
  52  4:47  Marine x2  
  52  4:51  Supply Depot  
  53  4:53  SCV  
  53  4:59  Siege Tank, SCV  
  58  5:05  SCV  
  59  5:08  Marine x2  
  59  5:13  Raven, SCV  
  64  5:18  SCV  
  65  5:21  Barracks  
  65  5:25  Barracks  
  65  5:26  SCV  
  66  5:31  Orbital Command  
  66  5:33  Siege Tank  
  66  5:34  SCV  
  66  5:35  Marine x2  
  69  5:38  SCV  
  72  5:46  SCV  
  72  5:48  Orbital Command  
  73  5:50  SCV, Engineering Bay  
  73  5:51  Engineering Bay  
  74  5:59  SCV  
  74  6:02  SCV  
  76  6:09  Barracks Reactor  
  76  6:10  Barracks  
  79  6:11  SCV  
  79  6:14  SCV  
  79  6:15  Barracks Reactor, Stimpack, Starport Reactor  
  79  6:16  Barracks  
  79  6:17  SCV  
  82  6:19  Terran Infantry Weapons Level 1  
  82  6:23  Terran Infantry Armor Level 1  
  79  6:26  Marine  
  79  6:27  SCV x2  
  79  6:29  SCV  
  79  6:30  Refinery  
  83  6:36  Refinery  
  83  6:37  Refinery  
  83  6:39  SCV x2  
  85  6:40  Supply Depot  
  85  6:43  Supply Depot  
  85  6:45  Supply Depot  
  85  6:57  Supply Depot x2  
  85  7:01  Barracks Reactor  
  85  7:02  SCV x3, Marine x5  
  85  7:08  Medivac x2  
  93  7:14  Siege Tank, SCV  
  93  7:15  SCV x2  
  92  7:26  Marine x4  
  90  7:31  Marine x3  
  90  7:33  SCV x3  
  96  7:38  Missile Turret  
  96  7:39  Medivac x2  
  96  7:40  Missile Turret  
  96  7:41  Marine x2  
  96  7:44  Marine x2  
  102  7:45  SCV x2  
  102  7:46  Siege Tank, SCV  
  102  7:49  Marine x2  
  102  7:50  Marine  
  102  7:51  Marine x2  
  113  7:55  Armory  
  112  8:05  SCV x2  
  112  8:06  SCV  
  112  8:09  Viking x2  
  117  8:18  Siege Tank  
  117  8:19  Command Center  
  120  8:25  SCV x3  
  123  8:31  Marine x2  
  123  8:33  Sensor Tower  
  125  8:38  Supply Depot x2  
  125  8:39  Supply Depot  
  125  8:51  Terran Infantry Weapons Level 2, Terran Infantry Armor Level 2  
  125  8:59  Siege Tank, SCV x3, Marine x7  
  125  9:01  Terran Vehicle Weapons Level 1, Marine  
  125  9:02  Supply Depot, Marine  
  140  9:03  Supply Depot  
  135  9:17  Marine x4  
  135  9:19  Marine x4  
  135  9:20  Marine  
  119  9:31  Siege Tank  
  119  9:35  Marine x4  
  119  9:37  SCV x3, Marine x5  
  130  9:47  Viking x2  
  130  9:49  Factory, SCV x2  
  130  9:50  SCV  
  137  9:52  Marine x4  
  137  9:53  Missile Turret x2  
  137  9:55  Marine x2  
  137  9:56  Missile Turret, Marine  
  137  9:57  Marine x2  
  146  10:03  Siege Tank  
  146  10:04  Planetary Fortress  
  149  10:10  Marine x3  
  149  10:12  Sensor Tower  
  151  10:19  Marine x6  
  157  10:25  SCV  
  157  10:26  SCV x2  
  157  10:28  Marine x3, Medivac x2  
  151  10:36  Siege Tank, Marine  
  151  10:37  Marine  
  151  10:38  Missile Turret  
  151  10:40  SCV x3  
  159  10:42  Marine  
  159  10:43  Marine x3  
  159  10:44  Factory Tech Lab  
  159  10:46  Marine x3  
  166  10:52  SCV x3  
  166  10:53  SCV  
  170  10:58  Supply Depot  
  170  10:59  Marine, Supply Depot  
  170  11:00  Marine x3  
  170  11:01  Marine x2  
  170  11:02  Missile Turret  
  170  11:04  SCV, Marine x2  
  179  11:16  SCV  
  179  11:20  Siege Tank x2  
  185  11:30  Marine x5  
  185  11:31  Marine x3  
  188  11:45  SCV x2  
  188  11:46  SCV  
  191  11:52  Siege Tank x2, Command Center  
  161  12:02  Marine  
  161  12:03  Marine x6  
  161  12:10  Marine x2  
Show
View Real Time Build Order
Export as new Build Order

SpeCial Terran 

Build Orders: Cyclone Opening 

Get SALT Encoding   

  12  0:00  SCV  
  13  0:12  SCV  
  14  0:17  Supply Depot  
  14  0:24  SCV  
  15  0:38  SCV  
  15  0:39  Barracks  
  15  0:42  Refinery  
  16  0:50  SCV  
  16  0:52  Refinery  
  17  1:02  SCV  
  18  1:15  SCV  
  19  1:27  Orbital Command, Reaper  
  19  1:31  Supply Depot  
  20  1:42  Factory  
  20  1:53  SCV  
  21  1:59  Reaper  
  22  2:05  SCV  
  23  2:15  Command Center  
  23  2:17  SCV  
  24  2:27  Cyclone  
  24  2:29  SCV  
  27  2:35  Starport  
  27  2:38  Barracks Tech Lab  
  27  2:41  SCV  
  28  2:45  Supply Depot  
  28  2:54  SCV  
  29  2:59  Cyclone  
  31  3:08  SCV  
  30  3:18  Banshee  
  30  3:19  Bunker  
  33  3:20  Marine  
  33  3:24  SCV  
  35  3:28  Orbital Command  
  35  3:32  Cyclone  
  37  3:36  SCV  
  37  3:38  Barracks Reactor  
  38  3:50  SCV  
  38  3:53  Refinery  
  38  3:55  SCV  
  40  4:01  Raven  
  43  4:02  SCV  
  43  4:09  Factory Tech Lab  
  43  4:11  SCV  
  43  4:15  SCV  
  45  4:17  Marine x2  
  45  4:21  Command Center  
  45  4:23  SCV  
  48  4:27  Supply Depot, SCV  
  48  4:31  Siege Tank  
  52  4:35  SCV  
  52  4:38  Marine  
  54  4:46  SCV, Marine  
  54  4:48  Raven  
  54  4:49  SCV  
  54  4:51  Interference Matrix  
  56  4:56  Barracks  
  56  4:58  SCV  
  57  5:00  Barracks  
  57  5:07  SCV  
  57  5:10  SCV  
  57  5:12  Factory Reactor  
  59  5:14  Stimpack, Marine  
  59  5:19  SCV  
  61  5:22  SCV  
  62  5:32  SCV  
  62  5:33  Orbital Command, Engineering Bay x2  
  62  5:34  Marine, Refinery  
  64  5:37  SCV  
  65  5:44  Barracks, SCV  
  66  5:51  Barracks  
  66  5:52  Marine  
  66  5:55  SCV  
  66  5:56  SCV  
  69  5:57  Marine x2  
  69  5:58  Starport Reactor  
  69  6:02  Marine  
  69  6:03  Marine  
  73  6:05  Siege Tank  
  73  6:08  SCV  
  73  6:09  Orbital Command  
  77  6:13  Terran Infantry Weapons Level 1  
  77  6:14  Terran Infantry Armor Level 1, Supply Depot  
  77  6:15  Marine x2  
  77  6:17  Missile Turret  
  77  6:18  Marine  
  80  6:20  Marine  
  80  6:22  Marine  
  82  6:26  Missile Turret  
  82  6:28  SCV x2  
  84  6:33  Marine  
  84  6:36  Marine, SCV  
  84  6:37  Marine  
  84  6:38  Medivac x2  
  84  6:39  Barracks Reactor  
  93  6:40  Barracks Reactor, SCV  
  93  6:47  Supply Depot  
  93  6:53  SCV x3  
  96  6:56  Marine x4  
  96  6:57  Combat Shield  
  100  7:05  Siege Tank  
  100  7:08  Medivac, Marine, Supply Depot  
  101  7:14  Marine, Medivac  
  107  7:18  Marine  
  107  7:19  SCV  
  107  7:20  Marine  
  107  7:21  Marine  
  89  7:30  SCV  
  89  7:31  Marine x3, SCV  
  89  7:32  Marine x2  
  89  7:33  Marine  
  89  7:34  SCV  
  95  7:37  Siege Tank  
  95  7:40  Marine x3  
  95  7:43  SCV x2  
  103  7:45  Refinery  
  103  7:46  Sensor Tower  
  103  7:47  SCV  
  103  7:49  Marine x3  
  103  7:50  Armory  
  107  7:52  Refinery  
  107  7:54  Marine x3  
  110  7:58  Marine  
  110  8:00  Marine  
  110  8:02  Medivac  
  111  8:11  Marine x4  
  111  8:12  Marine x3  
  116  8:16  SCV  
  117  8:25  Supply Depot  
  117  8:26  Siege Tank, Marine x2  
  122  8:29  Marine x3  
  125  8:44  Medivac x2, Marine x4  
  125  8:45  Marine, Supply Depot  
  125  8:46  SCV  
  125  8:47  SCV  
  134  8:52  Barracks Reactor, Marine x3  
  128  8:55  Command Center  
  128  8:58  Cyclone  
  128  9:01  Terran Infantry Weapons Level 2  
  128  9:02  Marine x3  
  133  9:03  Terran Infantry Armor Level 2  
  133  9:06  Marine  
  133  9:07  Marine  
  135  9:16  Medivac, Marine  
  132  9:17  Marine  
  132  9:22  Marine  
  122  9:29  Marine  
  122  9:30  Siege Tank, Marine  
  111  9:33  Marine x5  
  111  9:34  SCV x2, Marine  
  111  9:35  Marine  
  111  9:37  Medivac  
  110  9:40  Marine  
  110  9:45  Factory  
  111  9:47  Marine x2  
  111  9:48  SCV  
  111  9:51  Marine x5  
  120  9:52  SCV  
  120  9:53  SCV  
  120  9:55  Marine  
  120  9:56  Marine  
  123  10:01  SCV  
  123  10:02  Siege Tank, Marine  
  123  10:04  SCV  
  123  10:05  Marine x2, SCV  
  132  10:08  Marine  
  132  10:09  Terran Vehicle Weapons Level 1  
  131  10:18  Marine  
  131  10:19  Marine  
  131  10:21  Medivac x2  
  131  10:26  Marine x5  
  131  10:27  Marine  
  131  10:28  Marine  
  130  10:32  SCV x2  
  130  10:33  SCV  
  130  10:35  Siege Tank  
  131  10:36  Planetary Fortress  
  131  10:37  Marine x2  
  131  10:42  Siege Tank  
  136  10:45  Marine x4  
  138  10:50  Sensor Tower  
  138  10:52  Marine x2  
  138  10:56  Missile Turret  
  140  11:00  Marine  
  140  11:03  Medivac x2  
  145  11:06  Marine  
  146  11:12  Marine x4  
  146  11:13  Marine x4  
  146  11:18  Supply Depot, Marine  
  155  11:20  Siege Tank  
  155  11:23  Siege Tank  
  155  11:24  Marine, Supply Depot  
  160  11:30  Marine x2  
  162  11:35  Marine  
  162  11:38  Medivac x2  
  159  11:40  SCV x4  
  161  11:48  Marine  
  161  11:49  Marine x2  
  161  11:51  Marine  
  161  11:52  Siege Tank, Marine  
  151  11:55  Siege Tank  
  151  11:58  Marine x3  
  151  12:00  Marine  
  129  12:01  Marine  
  129  12:06  Marine  
  129  12:07  Marine x2  
  123  12:09  Marine  
  123  12:10  Marine  
  125  12:16  Marine x3  

Tags
 
Add a new tag
Caveats
  • Supply blocks, unpowered buildings, or Contaminate may cause inaccurate times.
  • Supply counts are checked every 10 seconds.